AoeStats
← Sr_X

Arabia

507382101Analyzed
1v1 RM · 15d ago on Sep 18, 2026· 77m 40s· 2 players
Game mode
Random Map
Map size
Tiny (2 player)
Population
200
Speed
Normal
Resources
Standard
Victory
Conquest
Starting age
Dark Age
Ending age
Imperial Age
RankedLock teamsTeams togetherTeam positionsShared explorationLock speedFull tech treeHidden civsTurbo modeCheats
Victory
Defeat
🇹🇷 Huns · Türkiye
680
+16
🇨🇱 Magyars · Chile
676
-16
Sr_X
7:17 Loom
10:37 Feudal Age
12:08 Wheelbarrow
11:24 Double-Bit Axe
12:38 Bloodlines
23:03 Castle Age
21:27 Horse Collar
21:42 Fletching
23:09 Scale Barding Armor
23:47 Bodkin Arrow
24:31 Bow Saw
27:12 Gold Mining
28:47 Ballistics
32:16 Chain Barding Armor
34:25 Heavy Plow
40:29 Imperial Age
37:51 Treadmill Crane
38:54 Stone Mining
40:23 Masonry
40:45 Hand Cart
41:21 Bracer
42:03 Recurve Bow
43:20 Corvinian Army
46:14 Elite Magyar Huszar
48:32 Chemistry
55:14 Plate Barding Armor
55:19 Conscription
58:32 Parthian Tactics
57:28 Heavy Cavalry Archer
Ozzkhan
12:05 Feudal Age
15:07 Man-at-Arms
15:59 Scale Mail Armor
15:59 Loom
19:01 Forging
24:13 Castle Age
24:05 Bloodlines
25:17 Stone Mining
25:14 Double-Bit Axe
25:13 Horse Collar
27:52 Scale Barding Armor
29:22 Husbandry
29:51 Chain Mail Armor
33:23 Elite Skirmisher
34:00 Fletching
39:07 Bodkin Arrow
39:15 Padded Archer Armor
42:21 Imperial Age
41:22 Wheelbarrow
40:35 Town Watch
40:26 Crossbowman
41:14 Gold Mining
44:41 Chemistry
43:37 Murder Holes
43:42 Bodkin Arrow
43:49 Padded Archer Armor
45:36 Cavalier
46:41 Bow Saw
46:36 Heavy Plow
49:33 Bracer
49:48 Leather Archer Armor
50:09 Iron Casting
49:23 Pikeman
50:21 Light Cavalry
51:59 Thumb Ring
52:21 Ballistics
53:18 Hand Cart
53:04 Town Patrol
54:18 Gold Shaft Mining
53:50 Halberdier
54:16 Arson
54:31 Squires
55:48 Conscription
55:30 Marauders
56:55 Paladin
61:16 Chain Barding Armor
61:56 Blast Furnace
74:32 Hussar
75:31 Town Patrol
Connection lost

Rejoining the realm…

Still unreachable

The connection could not be restored.

Session expired

The server has moved on; the page needs a fresh start.